 Dungeon Crawl Stone Soup version 0.30.0-17-ge0270778cf (webtiles) character file.

Game seed: 14807046433883416987

5540 RascalDebosk the Fighter (level 11, -8/85 HPs)
             Began as a Djinni Fire Elementalist on May 21, 2023.
             Was an Initiate of Ashenzari.
             Mangled by a two-headed ogre
             ... wielding a +0 giant club
              (9 damage)
             ... on level 9 of the Dungeon.
             The game lasted 00:51:34 (7631 turns).

RascalDebosk the Fighter (Djinni Fire Elementalist) Turns: 7631, Time: 00:51:34

Health: -8/85      AC: 11    Str:  7    XL:     11   Next: 2%
Gold:   613        EV: 12    Int: 22    God:    Ashenzari [......] SH:  0 Dex: 13

rFire   + + +        z - +5 great sword
rCold   . . .        (shield currently unavailable)
rNeg    . . .        k - +2 robe {Will+}
rPois   ∞            r - +2 helmet
rElec   .            u - scarf {rC+ rF+}
rCorr   .            (no gloves)
SInv    .            (boots unavailable)
Will    +++..        y - amulet of regeneration
Stlth   ++           d - ring of willpower
HPRegen 1.14/turn    M - +4 ring of protection
MPRegen 0.00/turn

%: infuse magic (-9 HP)
@: flying
A: sickness immunity, fire resistance 2, cold vulnerability 1, float, innate
caster, HP casting, extra vitality 1
a: Renounce Religion


You were on level 9 of the Dungeon.
You worshipped Ashenzari.
Ashenzari was noncommittal.
You visited 2 branches of the dungeon, and saw 10 of its levels.
You also visited: Bailey.

You collected 613 gold pieces.

Inventory:

Hand Weapons
 z - a +5 great sword (weapon)
 B - the +5 long sword of the Gazing Gods {heavy, *Rage rC++ Will+}
   (You found it on level 7 of the Dungeon)

   rC:        It greatly protects you from cold.
   *Rage:     It berserks you when you make melee attacks (+20% chance).
   Will:      It increases your willpower.
Armour
 k - a +2 robe of willpower (worn)
 r - a +2 helmet (worn)
 u - a scarf of resistance (worn)
Jewellery
 d - a ring of willpower (left hand)
 y - an amulet of regeneration (around neck)
 C - a ring of protection from fire
 M - a +4 ring of protection (right hand)
 N - a ring of willpower
Wands
 b - a wand of digging (13)
 t - a wand of flame (22)
 w - a wand of roots (11)
 x - a wand of mindburst (39)
Scrolls
 a - 6 scrolls of teleportation {unknown}
 f - 2 scrolls of magic mapping {unknown}
 g - a scroll of torment {unknown}
 h - a scroll of blinking {unknown}
 i - 5 scrolls of identify
 m - a scroll of amnesia {unknown}
 n - a scroll of noise {unknown}
 q - a scroll of fear {unknown}
 v - a scroll of fog {unknown}
 D - a scroll of vulnerability {unknown}
 H - a scroll of butterflies {unknown}
 I - a scroll of acquirement
 L - a scroll of enchant armour
Potions
 c - 4 potions of curing
 e - 2 potions of attraction {unknown}
 j - a potion of flight {unknown}
 l - a potion of berserk rage {unknown}
 o - 3 potions of degeneration {unknown}
 p - 2 potions of lignification {unknown}
 A - 3 potions of heal wounds {unknown}
 E - a potion of experience {unknown}
 F - a potion of magic {unknown}
 G - a potion of might {unknown}
 K - 2 potions of brilliance {unknown}
Miscellaneous
 J - a piece from Xom's chessboard (15/15)


   Skills:
 * Level 10.2 Fighting
 + Level 0.1 Long Blades
 - Level 2.1 Dodging
 - Level 1.5 Stealth
 * Level 8.9 Spellcasting
 - Level 4.0 Evocations


You knew the following spells:

 Your Spells              Type           Power      Damage    Failure   Level
a - Foxfire               Conj/Fire      100%       2x1d9     1%          1
b - Scorch                Fire           98%        2d9       1%          2
c - Volatile Blastmotes   Fire/Tloc      98%        2d18      1%          3
d - Inner Flame           Hex/Fire       49%        N/A       1%          3
e - Flame Wave            Conj/Fire      49%        2d12      1%          4
f - Apportation           Tloc           98%        N/A       1%          1
g - Poisonous Vapours     Pois/Air       98%        N/A       1%          2
h - Vampiric Draining     Necr           49%        2d9       1%          3
i - Manifold Assault      Tloc           49%        N/A       1%          4
j - Dispel Undead         Necr           49%        3d18      1%          4
Your spell library was empty.

Dungeon Overview and Level Annotations

Branches:
Dungeon (9/15)             Temple (1/1) D:6          Bailey (visited)
   Lair: D:8-11         Orc: D:9-12

Altars:
Ashenzari
Cheibriados
Dithmenos
Elyvilon
Fedhas
Gozag
Hepliaklqana
Makhleb
Nemelex Xobeh
Okawaru
Qazlal
Ru
Trog
Uskayaw
Wu Jian
Xom
Yredelemnul
Zin
The Shining One

Annotations:
D:6 1 runed translucent door, Urgle's ghost, novice DjFE


Innate Abilities, Weirdness & Mutations

You are immune to sickness and miasma.
You are immune to poison.
Your flesh is very heat resistant. (rF++)
You are vulnerable to cold. (rC-)
You float through the air rather than walking.
You learn spells naturally, not from books.
Your magical power is your life essence.
You have superior vitality. (+4 MHP)


Message History

You closely miss the kobold brigand. You slash the kobold!
You kill the kobold!
The kobold brigand closely misses you.
Casting: Manifold Assault (dangerous; 1% risk of failure)
Confirm with . or Enter, or press ? or * to list all spells.
Space momentarily warps into an impossible shape!
You miss the kobold brigand.
The kobold brigand hits you but does no damage.
You closely miss the kobold brigand.
The kobold brigand is lightly wounded.
The kobold brigand closely misses you.
The kobold brigand hits you but does no damage.
You slash the kobold brigand!
The kobold brigand is almost dead.
The kobold brigand barely misses you.
The kobold brigand hits you with a +0 club.
You barely miss the kobold brigand.
The kobold brigand is almost dead.
The kobold brigand hits you with a +0 club!
You slash the kobold brigand!
You kill the kobold brigand!
You now have 613 gold pieces (gained 18).
There is a stone staircase leading up here.
Items here: (( )) ††.
Okay, then.
You see here a +0 dagger.
s - a +0 dagger;
N - a ring of willpower You drop a +0 dagger.
HP restored.
Things that are here:
a +0 dagger; 7 poisoned darts
Things that are here:
a +0 dagger; a kobold corpse
Found a ring mail.
Found a stone staircase leading down.
A - 3 yellow potions (gained 1)
You see here a +0 ring mail.
A two-headed ogre comes into view.
It is wielding a +0 giant club and a +0 giant spiked club.
The two-headed ogre shouts in stereo!
The two-headed ogre moves out of view.
Casting: Manifold Assault (dangerous; 1% risk of failure)
Confirm with . or Enter, or press ? or * to list all spells.
Aiming: Poisonous Vapours (safe; 1% risk of failure)
Press: ? - help, Dir - move target, f - two-headed ogre
Aim: a two-headed ogre, wielding a +0 giant club and a +0 giant spiked club Poisonous vapours surround the two-headed ogre!
The two-headed ogre is poisoned.
Casting: Poisonous Vapours (safe; 1% risk of failure)
Confirm with . or Enter, or press ? or * to list all spells.
Aiming: Inner Flame (safe; 1% risk of failure)
Press: ? - help, Dir - move target, f/p - two-headed ogre
Aim: a two-headed ogre, wielding a +0 giant club and a +0 giant spiked club (very poisoned, chance to affect: 83%)
Okay, then.
Casting: Inner Flame (safe; 1% risk of failure)
Confirm with . or Enter, or press ? or * to list all spells.
A cloud of volatile blastmotes flares up around you!
The two-headed ogre attacks as you move away!
The two-headed ogre hits you with a +0 giant club!!
The two-headed ogre hits you with a +0 giant spiked club!!
* * * LOW HITPOINT WARNING * * *
The cloud of blastmotes explodes!
The concussive blast engulfs the two-headed ogre!
The two-headed ogre is moderately wounded.
The concussive blast engulfs you. You resist.
* * * LOW HITPOINT WARNING * * *
You are knocked back by the blast.
The two-headed ogre looks more healthy.
There is a stone staircase leading up here.
Casting: Volatile Blastmotes (safe; 1% risk of failure)
Confirm with . or Enter, or press ? or * to list all spells.
Aiming: Poisonous Vapours (safe; 1% risk of failure)
Press: ? - help, Dir - move target, f/p - two-headed ogre
Aim: a two-headed ogre, wielding a +0 giant club and a +0 giant spiked club (moderately wounded) Poisonous vapours surround the two-headed ogre!
The two-headed ogre is poisoned.
Casting: Poisonous Vapours (safe; 1% risk of failure)
Confirm with . or Enter, or press ? or * to list all spells.
Flames lash the two-headed ogre.
The two-headed ogre is heavily wounded.
The two-headed ogre's fire resistance burns away.
The two-headed ogre hits you with a +0 giant club!
* * * LOW HITPOINT WARNING * * *
The two-headed ogre hits you with a +0 giant spiked club.
* * * LOW HITPOINT WARNING * * *
Casting: Scorch (safe; 1% risk of failure)
Confirm with . or Enter, or press ? or * to list all spells.
Flames lash the two-headed ogre.
The two-headed ogre is burned terribly!
The two-headed ogre is severely wounded.
* * * LOW HITPOINT WARNING * * *
Casting: Scorch (safe; 1% risk of failure)
Confirm with . or Enter, or press ? or * to list all spells.
Flames lash the two-headed ogre.
The two-headed ogre is burned terribly!
The two-headed ogre is almost dead.
* * * LOW HITPOINT WARNING * * *
The two-headed ogre hits you with a +0 giant club!
* * * LOW HITPOINT WARNING * * *
The two-headed ogre hits you with a +0 giant spiked club!!
* * * LOW HITPOINT WARNING * * *
The two-headed ogre attacks as you move away!
The two-headed ogre hits you with a +0 giant club!
You die...

##...............#
#..#.........>..#
#..#.###...######
##....# #..## #...###
#..####..
#######)..#####.......#
#...........##....###..
#...)...).#......###
#.......)@O........#
########.........#....
#..........##.#.
#...##..........
###<##......###.
#.##.....## #.##.....#
......####


You could see a two-headed ogre (very poisoned, combustible).

Vanquished Creatures
  An orc warlord (Bailey)
  Maggie (D:8)
  A human (D:8)
  6 yaks (D:8)
  4 hogs (D:8)
  A steam dragon (D:8)
  5 orc warriors
  An ice beast (D:8)
  2 black bears
  3 ogres
  A phantom (D:4)
  A kobold brigand (D:9)
  4 bullfrogs
  2 scorpions (D:5)
  4 wights (D:7)
  9 killer bees (D:8)
  2 howler monkeys (D:8)
  A gnoll bouda (D:8)
  5 hounds
  2 sleepcaps
  Jessica (D:2)
  2 iguanas (D:7)
  4 orc wizards
  5 gnolls
  6 adders
  A white imp (D:8)
  3 worms
  3 dart slugs
  20 orcs
  8 ball pythons
  8 endoplasms
  4 giant cockroaches
  3 goblins
  10 hobgoblins
  4 bats
  A frilled lizard (D:2)
  24 kobolds
  3 rats
166 creatures vanquished.

Vanquished Creatures (others)
  374 foxfires
374 creatures vanquished.

Grand Total: 540 creatures vanquished

Notes
Turn   | Place    | Note
-------+----------+-------------------------------------------
     0 | D:1      | RascalDebosk the Djinni Fire Elementalist began the quest
                  | for the Orb.
     0 | D:1      | RascalDebosk set off with the following spells memorised:
                  | Foxfire, Scorch, Volatile Blastmotes, Inner Flame, Flame
                  | Wave.
     0 | D:1      | Reached XP level 1. HP: 15/15 MP: 0/0
   232 | D:1      | Reached XP level 2. HP: 18/21 MP: 0/0
   780 | D:2      | Reached XP level 3. HP: 21/25 MP: 0/0
   780 | D:2      | Learned a level 1 spell: Apportation
  1092 | D:2      | Reached XP level 4. HP: 24/31 MP: 0/0
  1245 | D:2      | Noticed Jessica
  1250 | D:2      | Killed Jessica
  1471 | D:3      | Found a sacrificial altar of Ru.
  1989 | D:3      | Reached skill level 1 in Fighting
  1989 | D:3      | Reached XP level 5. HP: 33/37 MP: 0/0
  1989 | D:3      | Learned a level 2 spell: Poisonous Vapours
  2164 | D:3      | Reached skill level 1 in Evocations
  2277 | D:3      | You are sucked into a shaft and drop 2 floors!
  2277 | D:5      | Entered Level 5 of the Dungeon
  2357 | D:5      | Reached skill level 2 in Fighting
  2357 | D:5      | Reached XP level 6. HP: 38/43 MP: 0/0
  2419 | D:5      | Noticed an ogre
  2875 | D:4      | Noticed a black bear
  2882 | D:4      | Killed a black bear
  3159 | D:4      | Reached skill level 3 in Fighting
  3159 | D:4      | Reached XP level 7. HP: 44/50 MP: 0/0
  3159 | D:4      | Learned a level 3 spell: Vampiric Draining
  3661 | D:5      | Reached skill level 5 in Spellcasting
  4010 | D:5      | Reached skill level 4 in Fighting
  4163 | D:6      | Reached XP level 8. HP: 46/58 MP: 0/0
  4355 | D:6      | Found a staircase to the Ecumenical Temple.
  4364 | Temple   | Entered the Ecumenical Temple
  4856 | D:6      | Noticed Urgle's ghost (novice DjFE)
  4859 | D:6      | Found a runed translucent door.
  5431 | D:7      | Reached skill level 5 in Fighting
  5757 | D:7      | Identified the +5 long sword of the Gazing Gods {heavy,
                  | *Rage rC++ Will+}
  6048 | D:7      | Reached XP level 9. HP: 62/66 MP: 0/0
  6048 | D:7      | Learned a level 4 spell: Manifold Assault
  6055 | D:7      | Reached skill level 6 in Fighting
  6271 | D:8      | Found a flagged portal.
  6294 | D:8      | Reached skill level 7 in Fighting
  6329 | Bailey   | Entered a bailey
  6381 | Bailey   | Noticed an orc warlord
  6515 | Bailey   | Found a runed translucent gate.
  6517 | Bailey   | Found a runed translucent gate.
  6519 | Bailey   | Found a runed translucent gate.
  6704 | Bailey   | Killed an orc warlord
  6705 | Bailey   | Reached skill level 8 in Fighting
  6705 | Bailey   | Reached XP level 10. HP: 77/77 MP: 0/0
  6903 | D:8      | Reached skill level 9 in Fighting
  6903 | D:8      | Noticed Maggie
  6916 | D:8      | Killed Maggie
  7084 | D:8      | Identified the +4 flail of Leoxui Zoos {holy, Int+5}
  7306 | D:8      | Found a white marble altar of Elyvilon.
  7307 | D:8      | Found a broken altar of Ashenzari.
  7315 | D:8      | Became a worshipper of Ashenzari the Shackled
  7441 | D:8      | Reached skill level 10 in Fighting
  7460 | D:8      | Reached XP level 11. HP: 38/85 MP: 0/0
  7460 | D:8      | Learned a level 4 spell: Dispel Undead
  7605 | D:9      | Noticed a two-headed ogre
  7630 | D:9      | HP: 1/85 [two-headed ogre/+0 giant club (23)]
  7631 | D:9      | Mangled by a two-headed ogre

Illustrated notes

Levels and vault maps discovered:
D:1:      eino_arrival_water_cross, layout_basic
D:2:      layout_rooms, grunt_ministairs_14, chequers_serial_rivers_room_a,
          chequers_serial_rivers_micro_c, chequers_serial_rivers_marsh,
          uniq_jessica
D:3:      layout_basic, general_overflow_altar
D:4:      layout_gridville, kennysheep_generic_room_14
D:5:      layout_rooms, kennysheep_generic_room_5
D:6:      layout_loops_corners, temple_pool_b, hellmonk_ghost_happy_afterlife
D:7:      layout_loops_ring, old_standard_altar
D:8:      layout_basic, mainiacjoe_overflow_catwalk_spiral, enter_bailey_6,
          grunt_livestock, uniq_maggie
D:9:      layout_rooms
Temple:   hc_temple_tempest_star

Skill      XL: |  1  2  3  4  5  6  7  8  9 10 |
---------------+-------------------------------+-----
Spellcasting   | 3 4 5 6 7 8 |  8.9
Fighting       | 1 2 3 4 5 8 10 | 10.2
Evocations     | 1 2 4 |  4.0
Long Blades    | |  0.1
Dodging        | |  2.1
Stealth        | |  1.5

Action                     |  1- 3 |  4- 6 |  7- 9 | 10-12 || total
---------------------------+-------+-------+-------+-------++-------
  Melee: Great sword       |       |       |    61 |    50 ||   111
   Cast: Foxfire           |    61 |    64 |    80 |    12 ||   217
         Scorch            |     6 |    19 |    21 |     3 ||    49
         Apportation       |     2 |       |       |       ||     2
         Inner Flame       |       |     4 |     8 |    13 ||    25
         Poisonous Vapours |       |     7 |    17 |    20 ||    44
         Vampiric Draining |       |       |     9 |       ||     9
         Volatile Blastmot |       |       |     2 |     3 ||     5
         Manifold Assault  |       |       |    20 |    19 ||    39
         Flame Wave        |       |       |     4 |     1 ||     5
    Use: Scroll            |       |       |     6 |       ||     6
 Armour: Robe              |       |     3 |    19 |     6 ||    28
  Dodge: Dodged            |     1 |    11 |    56 |     6 ||    74
